 Dungeon Crawl Stone Soup version 0.30-a0-561-g1b0378597e (webtiles) character file.

Game seed: 16219310393571962846

6249 M4edhros the Cudgeller (level 10, -4/71 HPs)
             Began as an Octopode Chaos Knight on Dec 28, 2022.
             Was a High Priest of Zin.
             Killed from afar by a manticore (25 damage)
             ... with a volley of spikes
             ... on level 9 of the Dungeon.
             The game lasted 00:16:31 (19831 turns).

M4edhros the Cudgeller (Octopode Chaos Knight)     Turns: 19831, Time: 00:16:32

Health: -4/71      AC:  5    Str: 13    XL:     10   Next: 93%
Magic:  4/15       EV: 15    Int: 18    God:    Zin [*****.]
Gold:   483        SH: 17    Dex: 16    Spells: 9/9 levels left

rFire   + + .      SeeInvis +    G - +4 flail (protect)
rCold   + . .      Faith    .    J - +1 kite shield of Anarchy {Str+5}
rNeg    . . .      Spirit   .    Q - amulet of regeneration
rPois   .          Reflect  .    d - ring of willpower
rElec   +          Harm     .    v - ring of flight
rCorr   .          Rampage  .    (no ring)
Will    +....      Clarity  +    (no ring)
Stlth   ++                       (no ring)
HPRegen 1.11/turn                (no ring)
MPRegen 0.14/turn                (no ring)
                                 (no ring)

@: spiked, on recite cooldown, flying, hasted, very quick
A: almost no armour, amphibious, 8 rings, camouflage 1, gelatinous body 1,
(nimble swimmer 1), tentacles, antennae 3, tentacle spike 2, iridescent scales
2, large bone plates 2, clarity, clever 1, cold resistance 1, fire resistance 2,
sense surroundings 1, screaming 1, electricity resistance, weak 1, wild magic 1,
MP-powered wands
a: Renounce Religion, Recite, Vitalisation, Imprison, Sanctuary, Donate Gold


You were on level 9 of the Dungeon.
You worshipped Zin.
Zin was extremely pleased with you.
You visited 2 branches of the dungeon, and saw 10 of its levels.
You also visited: Ossuary.

You collected 853 gold pieces.
You spent 285 gold pieces at shops.
You donated 85 gold pieces to Zin.

Inventory:

Hand Weapons
 G - a +4 flail of protection (weapon)
 I - the +8 hammer of Ewutenk {heavy, Int+2}
   (You found it on level 3 of the Dungeon)

   It deals dramatically more damage, but attacks with it are much slower.
   Int:       It affects your intelligence (+2).
Missiles
 g - 4 curare-tipped darts
 h - 100 stones
 D - a throwing net
 N - 14 poisoned darts
Armour
 u - a +2 hat of willpower
 J - the +1 kite shield of Anarchy (worn) {Str+5}
   (You bought it in a shop on level 5 of the Dungeon)

   Str:       It affects your strength (+5).
 O - a +2 kite shield
Jewellery
 d - a ring of willpower (left tentacle)
 t - an amulet of reflection
 v - a ring of flight (right tentacle)
 Q - an amulet of regeneration (around mantle)
Wands
 f - a wand of flame (25)
 y - a wand of quicksilver (5)
 R - a wand of iceblast (10)
Scrolls
 a - 4 scrolls of poison {unknown}
 c - a scroll of noise {unknown}
 e - 4 scrolls of teleportation {unknown}
 i - a scroll of immolation {unknown}
 k - 3 scrolls of fog {unknown}
 n - 8 scrolls of identify {unknown}
 o - a scroll of magic mapping {unknown}
 w - a scroll of acquirement {unknown}
 x - 2 scrolls of blinking {unknown}
 A - a scroll of enchant armour
 B - a scroll of torment {unknown}
 E - a scroll of vulnerability {unknown}
 H - a scroll of fear {unknown}
 L - a scroll of brand weapon {unknown}
Potions
 b - a potion of invisibility {unknown}
 j - 7 potions of flight
 l - 5 potions of might {unknown}
 m - 3 potions of attraction {unknown}
 p - 3 potions of mutation {unknown}
 r - 2 potions of haste
 s - a potion of magic {unknown}
 z - a potion of lignification {unknown}
 C - 2 potions of curing {unknown}
 F - 2 potions of degeneration {unknown}
 K - 2 potions of brilliance {unknown}
 M - a potion of ambrosia {unknown}
 P - a potion of cancellation {unknown}


   Skills:
 - Level 7.0 Fighting
 + Level 7.7 Maces & Flails
 - Level 4.8 Polearms
 + Level 7.5 Dodging
 * Level 6.5 Shields
 * Level 7.6 Invocations


You had 9 spell levels left.
You didn't know any spells.
Your spell library contained the following spells:

 Spells                   Type           Power      Damage    Failure   Level
 Ignite Poison            Fire/Tmut/Pois 0%         N/A       90%         3
 Kindle Blastsparks       Fire/Tloc/Air  0%         2d10      90%         3
 Freezing Cloud           Conj/Ice/Air   0%         6-21      100%        5


Dungeon Overview and Level Annotations

Branches:
Dungeon (9/15)             Temple (1/1) D:6         Ossuary (visited)
   Lair: D:8-11         Orc: D:9-12

Altars:
Ashenzari
Elyvilon
Hepliaklqana
Kikubaaqudgha
Makhleb
Nemelex Xobeh
Okawaru
Qazlal
Ru
Sif Muna
Trog
Vehumet
Wu Jian
Xom
Yredelemnul
Zin
The Shining One

Shops:
D:5 [   D:9 [

Annotations:
D:5 2 transporters, bezhaha's ghost, novice DjFE
Temple 2 transporters


Innate Abilities, Weirdness & Mutations

You cannot wear most types of armour.
You are amphibious.
You can wear up to eight rings at the same time.
Your skin changes colour to match your surroundings (Stealth+).
Your rubbery body absorbs attacks. (AC +1, EV +1)
((You are camouflaged when in or above water. (Stealth+)))
You have tentacles for arms and can constrict up to eight enemies at once.
You have a pair of large antennae on your head. (SInv)
One of your tentacles bears a nasty spike.
You are mostly covered in iridescent scales. (AC +4)
You are mostly covered in large bone plates. (SH +6)
You possess an exceptional clarity of mind.
Your mind is acute. (Int +4, Str/Dex -1)
Your flesh is cold resistant. (rC+)
Your flesh is very heat resistant. (rF++)
You passively map a small area around you.
You occasionally shout uncontrollably at your foes.
You are resistant to electric shocks. (rElec)
You are weak. (Str -2)
Your spells are a little harder to cast, but a little more powerful.
You expend magic power (3 MP) to strengthen your wands.


Message History

The wyvern hisses menacingly.
You block the centaur's attack. The centaur misses you.
You block the five-headed hydra's attack.
The five-headed hydra misses you.
The five-headed hydra closely misses you.
The five-headed hydra misses you.
The five-headed hydra closely misses you.
The ogre mage hits you from afar with a +0 spear!
* * * LOW HITPOINT WARNING * * *
The centaur hits you.
* * * LOW HITPOINT WARNING * * *
The centaur completely misses you.
Okay, then.
Aiming: Quicksilver Bolt
Press: ? - help, Shift-Dir - straight line, f - seven-headed hydra
Aim: a seven-headed hydra (90% to hit)
Okay, then.
Okay, then.
Unknown command.
Unknown command.
Aiming: Quicksilver Bolt
Press: ? - help, Shift-Dir - straight line, f - seven-headed hydra
Aim: a seven-headed hydra (90% to hit)
You feel a surge of power!
The bolt of dispelling energy hits the five-headed hydra!
You kill the five-headed hydra!
The bolt of dispelling energy misses the ogre mage.
The bolt of dispelling energy hits the seven-headed hydra!!
The seven-headed hydra is moderately wounded.
You block the centaur's attack.
The centaur kicks you but does no damage.
You block the ogre mage's attack. The centaur misses you.
The centaur kicks you but does no damage.
You feel yourself speed up.
The centaur shouts, "What's happening?!"
The manticore flicks its tail.
The volley of spikes hits you!!
The barbed spikes become lodged in your body.
You die... #.....# #####*** * ** .#....### * ## ### ## ** ........# .##)##., .#......# * *,#...$.#, .#......# , ..)yY )#......# *, {tDO{

* ..####### , #O# #..#
###c###* ##.# *** *
♣.@.H.♣♣♣♣♣ * #.#♣♣.♣♣ ♣.
♣.#####.♣♣.♣# #.#♣.≈.♣#
♣.♣ #.♣.♣.#
#.#.≈≈≈.#**♣..##+##..♣♣♣#
, #.#.≈≈≈.# * ♣..†.)♣♣♣
#.#.≈≈≈.### ####'### *
**, * #.#.≈~≈.#.♣ ♣.#...#
,
##.#♣~≈~♣♣.♣♣♣.♣)..♣♣♣.*
...).≈~≈...♣.♣.'>8<'..♣ ,
,,


You could see a seven-headed hydra, a two-headed ogre, an ogre mage (invisible,
dazed), a manticore, a yak, a centaur (confused) and a killer bee.

Vanquished Creatures
  A hydra (D:9)
  Maggie (D:6)
  A kobold demonologist (D:7)
  A troll (D:9)
  2 hornets
  Sigmund (D:4)
  3 yaks (D:9)
  2 wyverns
  Menkaure (D:7)
  2 water moccasins (D:7)
  5 orc warriors
  A black bear (D:6)
  A sky beast (D:8)
  2 ogres
  2 centaurs
  4 kobold brigands
  A phantom (D:7)
  5 bullfrogs
  3 necrophages
  A gnoll sergeant (D:7)
  4 scorpions
  4 jellies
  2 howler monkeys
  An electric eel (D:9)
  3 orc priests
  Crazy Yiuf (D:3)
  Ijyb (D:4)
  A gnoll bouda (D:6)
  A hound (D:6)
  An iguana (D:7)
  9 orc wizards
  Natasha (thrice) (D:4)
  A mummy (Ossuary)
  15 gnolls
  8 adders
  2 white imps (D:5)
  5 worms
  3 dart slugs
  18 orcs
  A spectral bat (Ossuary)
  6 ball pythons
  2 bat simulacra (Ossuary)
  A bat zombie (D:3)
  4 endoplasms
  3 giant cockroaches
  A goblin (D:3)
  8 hobgoblins
  9 jackals
  A quokka (D:2)
  3 bats
  3 frilled lizards
  12 gnoll zombies (Ossuary)
  2 goblin simulacra (Ossuary)
  4 goblin zombies (Ossuary)
  5 hobgoblin zombies (Ossuary)
  16 kobolds
  7 kobold simulacra (Ossuary)
  3 kobold zombies (Ossuary)
  6 orc zombies (Ossuary)
  6 rats
  5 rat simulacra (Ossuary)
  A rat zombie (D:3)
  2 spectral goblins (Ossuary)
  4 spectral rats (Ossuary)
238 creatures vanquished.

Vanquished Creatures (others)
  A fungus (D:3)
  A plant (D:2)
2 creatures vanquished.

Grand Total: 240 creatures vanquished

Notes
Turn   | Place    | Note
-------+----------+-------------------------------------------
     0 | D:1      | M4edhros the Octopode Chaos Knight began the quest for the
                  | Orb.
     0 | D:1      | Reached XP level 1. HP: 16/16 MP: 1/1
    86 | D:1      | XOM: divination: detect creatures
   455 | D:1      | XOM: silly message
   642 | D:1      | XOM: noise
  1773 | D:1      | XOM: draining
  1861 | D:1      | XOM: give mutations
  1861 | D:1      | Gained mutation: You occasionally lose the ability to read
                  | scrolls when taking damage. [Xom's mischief]
  1861 | D:1      | Gained mutation: You are weak. (Str -2) [Xom's mischief]
  2208 | D:1      | XOM: torment (8/13 hp)
  2380 | D:1      | XOM is BORED!
  2380 | D:1      | XOM: 1-stop teleportation journey
  2386 | D:1      | XOM: butterfly on damage
  2390 | D:1      | XOM: 1-stop teleportation journey
  2398 | D:1      | Reached XP level 2. HP: 15/19 MP: 2/2
  2443 | D:1      | XOM: noise
  2515 | D:1      | XOM: scenery: create altars
  2592 | D:1      | XOM: noise
  2626 | D:1      | XOM: give mutations
  2626 | D:1      | Gained mutation: You have hidden genetic potential. [Xom's
                  | mischief]
  2626 | D:1      | Gained mutation: You are very weak. (Str -4) [Xom's
                  | mischief]
  2626 | D:1      | Gained mutation: You occasionally shout uncontrollably at
                  | your foes. [Xom's mischief]
  3594 | D:1      | XOM: stat loss: -1 Str (6/7)
  3810 | D:1      | XOM: noise
  4010 | D:1      | XOM: give mutations
  4010 | D:1      | Lost mutation: You are very weak. (Str -4) [Xom's grace]
  4010 | D:1      | Gained mutation: One of your tentacles bears a spike.
                  | [Xom's grace]
  4010 | D:1      | Gained mutation: You have great hidden genetic potential.
                  | [Xom's grace]
  4010 | D:1      | Gained mutation: You expend magic power (3 MP) to
                  | strengthen your wands. [Xom's grace]
  4086 | D:1      | XOM: god gift: 3 stones
  4450 | D:1      | XOM: 1-stop teleportation journey
  4489 | D:2      | Reached XP level 3. HP: 23/25 MP: 3/3
  4584 | D:3      | XOM: blink monster(s)
  4594 | D:3      | Gained mutation: You have a pair of small antennae on your
                  | head. [hidden potential]
  4820 | D:4      | Noticed Sigmund
  4994 | D:2      | Reached XP level 4. HP: 26/32 MP: 4/4
  5373 | D:1      | XOM: scenery: 1 doors close
  5970 | D:1      | XOM: smoke on damage
  5970 | D:1      | XOM: torment (18/33 hp)
  6306 | D:1      | XOM: god gift: robe {god gift}
  6442 | D:1      | XOM: god gift: +2 cloak of willpower
  6818 | D:1      | XOM: god gift: scale mail {god gift}
  6861 | D:1      | XOM: cloud trail
  7104 | D:1      | XOM: 1-stop teleportation journey
  7429 | D:1      | XOM: give mutation
  7429 | D:1      | Gained mutation: You are partially covered in iridescent
                  | scales. (AC +2) [Xom's grace]
  7876 | D:1      | XOM: god gift: potion of haste
  8125 | D:1      | XOM: cloud trail
  8155 | D:1      | XOM: god gift: 15 gold pieces
  8730 | D:1      | XOM: give mutations
  8730 | D:1      | Gained mutation: You are resistant to electric shocks.
                  | (rElec) [Xom's grace]
  8730 | D:1      | Gained mutation: You are partially covered in large bone
                  | plates. (SH +4) [Xom's grace]
  9049 | D:1      | XOM: god gift: scroll labelled RATTIAPEMY {god gift}
 10140 | D:1      | XOM: 3-stop teleportation journey
 10262 | D:2      | XOM: scenery: create altars
 10360 | D:2      | XOM: 2-stop teleportation journey
 10634 | D:1      | XOM: cloud trail
 11808 | D:1      | XOM: god gift: large sapphire amulet {god gift}
 11877 | D:1      | XOM is BORED!
 11877 | D:1      | XOM: stat loss: -2 Int (12/14)
 12044 | D:1      | XOM: scenery: 1 doors open
 12259 | D:1      | XOM: give mutations
 12259 | D:1      | Gained mutation: You are strong-willed. (Will+) [Xom's
                  | grace]
 12259 | D:1      | Gained mutation: You have a pair of antennae on your head.
                  | [Xom's grace]
 12259 | D:1      | Gained mutation: You are mostly covered in large bone
                  | plates. (SH +6) [Xom's grace]
 12259 | D:1      | Gained mutation: You are mostly covered in iridescent
                  | scales. (AC +4) [Xom's grace]
 12424 | D:1      | XOM: god gift: +0 hat of willpower
 12700 | D:1      | XOM: scenery: 1 doors close
 12761 | D:1      | XOM: give mutations
 12761 | D:1      | Gained mutation: Your flesh is heat resistant. (rF+) [Xom's
                  | grace]
 12761 | D:1      | Gained mutation: You are robust. (+10% HP) [Xom's grace]
 12761 | D:1      | Gained mutation: You possess an exceptional clarity of
                  | mind. [Xom's grace]
 12761 | D:1      | Gained mutation: One of your tentacles bears a nasty spike.
                  | [Xom's grace]
 12795 | D:1      | XOM: god gift: scroll labelled WEBRIES PIUC {god gift}
 12894 | D:1      | XOM: divination: detect creatures
 13000 | D:1      | XOM: give mutations
 13000 | D:1      | Gained mutation: You passively map a small area around you.
                  | [Xom's grace]
 13000 | D:1      | Gained mutation: You have a pair of large antennae on your
                  | head. (SInv) [Xom's grace]
 13000 | D:1      | Gained mutation: Your flesh is very heat resistant. (rF++)
                  | [Xom's grace]
 13000 | D:1      | Gained mutation: You are completely covered in iridescent
                  | scales. (AC +6) [Xom's grace]
 13238 | D:1      | XOM: give mutation
 13238 | D:1      | Gained mutation: Your spells are a little harder to cast,
                  | but a little more powerful. [Xom's grace]
 13447 | D:3      | XOM: give mutation
 13447 | D:3      | Lost mutation: You are strong-willed. (Will+) [Xom's
                  | mischief]
 13451 | D:3      | Gained mutation: Your mind is acute. (Int +4, Str/Dex -1)
                  | [hidden potential]
 13451 | D:3      | Lost mutation: You have great hidden genetic potential.
                  | [hidden potential expressed]
 13714 | D:4      | Found a burning altar of Makhleb.
 13721 | D:4      | Noticed Ijyb
 13731 | D:4      | Killed Ijyb
 13732 | D:4      | Reached XP level 5. HP: 36/40 MP: 5/5
 13807 | D:4      | Killed Sigmund
 13808 | D:4      | Reached XP level 6. HP: 44/48 MP: 0/6
 13820 | D:4      | Gained mutation: Your flesh is cold resistant. (rC+)
                  | [hidden potential]
 13846 | D:5      | Entered Level 5 of the Dungeon
 13865 | D:5      | Found an ornate altar of the Wu Jian Council.
 13865 | D:5      | XOM: 1-stop teleportation journey
 13936 | D:5      | XOM: stat loss: -1 Dex (12/13)
 13994 | D:5      | Reached skill level 1 in Polearms
 14042 | D:5      | Found a transporter.
 14045 | D:5      | Noticed bezhaha's ghost (novice DjFE)
 14046 | D:5      | Identified the +4 dire flail "Oxorgh" {holy, rPois rC-
                  | Dex+4 Stlth+}
 14048 | D:5      | Found a transporter.
 14063 | D:5      | Found a sand-covered staircase.
 14070 | Ossuary  | Entered an ossuary
 14176 | Ossuary  | Reached skill level 5 in Fighting
 14176 | Ossuary  | Reached XP level 7. HP: 51/55 MP: 7/7
 14447 | D:5      | XOM: noise
 14490 | D:5      | Gained mutation: Your natural rate of healing is unusually
                  | fast. [hidden potential]
 14490 | D:5      | Lost mutation: You have hidden genetic potential. [hidden
                  | potential expressed]
 14721 | D:6      | XOM: summons 4 friendly demons
 14776 | D:6      | Reached skill level 5 in Dodging
 14862 | D:6      | Found a staircase to the Ecumenical Temple.
 14880 | D:6      | Reached XP level 8. HP: 61/61 MP: 8/8
 14889 | Temple   | Entered the Ecumenical Temple
 14889 | Temple   | Found a transporter.
 14889 | Temple   | Found a transporter.
 14891 | Temple   | Found a transporter.
 14891 | Temple   | Found a transporter.
 14905 | Temple   | Fell from the grace of Xom
 14905 | Temple   | Became a worshipper of Zin the Law-Giver
 14905 | Temple   | Reached * piety under Zin
 15056 | D:4      | Found a radiant altar of Vehumet.
 15066 | D:4      | Noticed Natasha
 15073 | D:4      | Killed Natasha
 15083 | D:4      | Reached skill level 1 in Invocations
 15162 | D:4      | Noticed Natasha
 15168 | D:4      | Killed Natasha
 15209 | D:4      | XOM: draining
 15345 | D:3      | Reached skill level 5 in Maces & Flails
 15411 | D:3      | Found an ancient bone altar of Kikubaaqudgha.
 15415 | D:3      | Reached ** piety under Zin
 15453 | D:2      | XOM: 1-stop teleportation journey
 15880 | D:3      | XOM: stat loss: -3 Str (5/8)
 15988 | D:2      | XOM: give mutations
 15988 | D:2      | Lost mutation: Your natural rate of healing is unusually
                  | fast. [Xom's mischief]
 15988 | D:2      | Lost mutation: You are completely covered in iridescent
                  | scales. (AC +6) [Xom's mischief]
 15988 | D:2      | Lost mutation: You occasionally lose the ability to read
                  | scrolls when taking damage. [Xom's mischief]
 16178 | D:3      | Found a runed translucent door.
 16179 | D:3      | Noticed Crazy Yiuf
 16185 | D:3      | Killed Crazy Yiuf
 16189 | D:3      | Identified the +8 hammer of Ewutenk {heavy, Int+2}
 16199 | D:3      | XOM: give mutation
 16199 | D:3      | Lost mutation: You are robust. (+10% HP) [Xom's mischief]
 16288 | D:4      | XOM: cloud trail
 16346 | D:4      | Noticed Natasha
 16351 | D:4      | Killed Natasha
 16525 | D:5      | Found Caupnuaf's Antique Armour Shoppe.
 16533 | D:5      | Bought a fine kite shield for 285 gold pieces
 16533 | D:5      | Identified the +1 kite shield of Anarchy {Str+5} (You
                  | bought it in a shop on level 5 of the Dungeon)
 16842 | D:6      | Noticed Maggie
 16854 | D:6      | Killed Maggie
 16855 | D:6      | Reached skill level 1 in Shields
 16855 | D:6      | Reached XP level 9. HP: 29/63 MP: 9/11
 16877 | D:6      | XOM: stat loss: -1 Dex (14/15)
 17468 | D:6      | Reached *** piety under Zin
 17840 | D:7      | XOM: 3-stop teleportation journey
 17889 | D:7      | XOM: noise
 17911 | D:7      | XOM: noise
 18109 | D:7      | XOM: 2-stop teleportation journey
 18120 | D:7      | Reached skill level 5 in Invocations
 18130 | D:7      | XOM: noise
 18150 | D:7      | Noticed a kobold demonologist
 18159 | D:7      | Killed a kobold demonologist
 18160 | D:7      | Reached XP level 10. HP: 65/71 MP: 13/13
 18206 | D:7      | Found a stormy altar of Qazlal.
 18387 | D:7      | Noticed Menkaure
 18398 | D:7      | Killed Menkaure
 18404 | D:7      | Reached **** piety under Zin
 18535 | D:7      | XOM: silly message
 18984 | D:8      | Found a basalt altar of Yredelemnul.
 19043 | D:8      | Reached ***** piety under Zin
 19149 | D:8      | Paralysed by a hornet for 2 turns
 19160 | D:8      | Reached skill level 5 in Shields
 19187 | D:8      | XOM: cloud trail
 19693 | D:9      | Found Rimao's Antique Armour Shoppe.
 19817 | D:9      | Noticed a two-headed ogre
 19817 | D:9      | Noticed a fire crab
 19818 | D:9      | Noticed a five-headed hydra
 19818 | D:9      | Noticed an ogre mage
 19818 | D:9      | Noticed a manticore
 19820 | D:9      | XOM: blink monster(s)
 19823 | D:9      | Noticed a seven-headed hydra
 19829 | D:9      | Killed a five-headed hydra
 19831 | D:9      | Killed from afar by a manticore

Illustrated notes

Levels and vault maps discovered:
D:1:      scummos_arrival_simple_fountains, layout_basic, minmay_misc_feat_iff,
          lemuel_flame_loot_1
D:2:      layout_basic, serial_bayou_pond_b, minmay_misc_feat_tower
D:3:      layout_basic, lemuel_zombie_altar_kikubaaqudgha,
          minmay_misc_feat_ornament, uniq_crazy_yiuf_cottage
D:4:      layout_rooms, mainiacjoe_overflow_alcove_4, lightli_temple_of_fire,
          kennysheep_potato, uniq_sigmund, uniq_ijyb, uniq_natasha
D:5:      minmay_spotlight, layout_cave_pods, nzn_wu_jian_contemplation,
          gammafunk_ghost_smash, chequers_ossuary_entry_cave, serial_shops,
          nicolae_shop_crystal
D:6:      layout_basic, minmay_temple_entry_arrows, uniq_maggie
D:7:      layout_cave_pods, mainiacjoe_overflow_brackets, uniq_menkaure
D:8:      layout_loops_ring, amcnicky_altar_gilded, minivault_21,
          minmay_misc_feat_encased
D:9:      nzn_winding_woodlands_stair_cross [nzn_winding_woodlands_5x15_garden,
          nzn_winding_woodlands_center_lodge, nzn_winding_woodlands_5x15_twine,
          nzn_winding_woodlands_5x5_cross, nzn_winding_woodlands_5x5_three,
          nzn_winding_woodlands_5x15_cabin,
          nzn_winding_woodlands_center_pierced_h,
          nzn_winding_woodlands_5x15_river_crossing], layout_basic,
          lemuel_coloured_pillars_altar, erik_lair_orcish_takeover,
          serial_shops, nicolae_shop_advertising_works
          [nicolae_subvault_shop_adworks], uniq_grum, uniq_prince_ribbit1
Temple:   hellmonk_temple_divided_pantheon

Skill      XL: |  1  2  3  4  5  6  7  8  9 10 |
---------------+-------------------------------+-----
Dodging        | 3 4 5 6 7 |  7.5
Fighting       | 4 5 6 7 |  7.0
Maces & Flails | 4 5 6 7 |  7.7
Polearms       | 1 3 4 |  4.8
Invocations    | 3 5 7 |  7.6
Shields        | 1 4 6 |  6.5

Action                   |  1- 3 |  4- 6 |  7- 9 | 10-12 || total
-------------------------+-------+-------+-------+-------++-------
Melee: Mace              |    73 |    34 |       |       ||   107
       Constrict         |    20 |    32 |    60 |    13 ||   125
       Tentacles         |    15 |    15 |    72 |    27 ||   129
       Kick              |    12 |    22 |    94 |    51 ||   179
       Halberd           |       |    71 |    84 |       ||   155
       Punch             |       |     1 |     2 |     4 ||     7
       Flail             |       |       |   172 |    98 ||   270
Invok: Recite            |       |       |       |     1 ||     1
Evoke: Wand              |       |     5 |     2 |     4 ||    11
  Use: Potion            |     1 |     1 |       |     6 ||     8
       Scroll            |       |     3 |       |       ||     3
 Stab: Sleeping          |     6 |     5 |    12 |     1 ||    24
       Confused          |       |     1 |       |       ||     1
       Distracted        |       |       |     1 |     1 ||     2
Armor: Skin              |     4 |    12 |    52 |    21 ||    89
Dodge: Dodged            |    48 |    38 |   124 |    51 ||   261
Block: Other             |       |    43 |    70 |       ||   113
       Reflection        |       |     4 |     4 |       ||     8
       Kite shield       |       |       |   134 |   105 ||   239

Table legend: (Time is in decaauts)
 A = Elapsed time spent in this place.
 B = Non-inter-level travel time spent in this place.
 C = Inter-level travel time spent in this place.
 D = Time resting spent in this place.
 E = Time spent auto-exploring this place.
 F = Levels seen in this place.
 G = Mean time per level.
                   A        B        C        D        E       F      G
               +--------+--------+--------+--------+--------+-----+--------+
         Total |  19978 |  19306 |    672 |  12016 |   5548 |  11 | 1816.2 |
       Dungeon |  19592 |  18930 |    662 |  12016 |   5388 |   9 | 2176.9 |
        Temple |     38 |     28 |     10 |      0 |      0 |   1 |   38.0 |
       Ossuary |    348 |    348 |      0 |      0 |    160 |   1 |  348.0 |
               +--------+--------+--------+--------+--------+-----+--------+

Top non-repeatable levels by time:
     D:1: 12448 daAuts
     D:7: 1252 daAuts
     D:2: 1121 daAuts
     D:3: 1073 daAuts
     D:6: 1049 daAuts
     D:5: 957 daAuts
     D:8: 838 daAuts
     D:4: 613 daAuts
 Ossuary: 348 daAuts
     D:9: 238 daAuts
  Temple: 38 daAuts
